Map: Ulrena

Players

Odin - Winner!

  • Race: Protoss Protoss
  • League: Gold

Grumm

  • Race: Terran Terran
  • League: Gold

VOD

Have the link to the VOD?

Description

Time

  • Played on: Feb. 7, 2016, 1:16 a.m.
  • Length: 5:22
Show
View Real Time Build Order
Export as new Build Order

Odin Protoss - Winner!

Build Orders: Oracle Opening 

Get SALT Encoding   

  12  0:01  Probe (Chrono Boost)  
  13  0:12  Probe (Chrono Boost)  
  14  0:18  Pylon  
  14  0:24  Probe (Chrono Boost)  
  15  0:39  Probe (Chrono Boost), Gateway  
  16  0:58  Assimilator  
  16  1:03  Assimilator  
  16  1:04  Pylon, Probe (Chrono Boost)  
  17  1:15  Probe (Chrono Boost)  
  19  1:25  Probe (Chrono Boost)  
  19  1:32  Cybernetics Core  
  19  1:41  Zealot (Chrono Boost)  
  19  1:42  Pylon  
  19  1:45  Probe  
  22  1:58  Probe  
  23  2:11  Stargate  
  23  2:15  Stalker (Chrono Boost)  
  25  2:23  Mothership Core  
  26  2:50  Probe  
  26  3:03  Probe  
  27  3:06  Oracle (Chrono Boost)  
  30  3:15  Probe  
  31  3:20  Stalker  
  33  3:43  Oracle (Chrono Boost)  
  36  3:49  Pylon  
  36  4:40  Oracle (Chrono Boost)  
  39  4:52  Nexus  
Show
View Real Time Build Order
Export as new Build Order

Grumm Terran 

Build Orders:  

Get SALT Encoding   

  12  0:01  SCV  
  13  0:15  Supply Depot  
  13  0:18  SCV  
  14  0:27  Refinery  
  14  0:39  Barracks  
  14  0:42  SCV  
  15  0:54  SCV  
  16  1:06  SCV  
  17  1:18  SCV  
  18  1:20  Barracks  
  18  1:25  Barracks  
  18  1:29  Reaper  
  19  1:48  Supply Depot  
  19  1:51  Refinery, SCV  
  20  2:03  SCV  
  21  2:14  Marine x2  
  21  2:15  Marine  
  24  2:16  SCV  
  25  2:40  SCV  
  26  2:51  Barracks Tech Lab, Marine x2  
  25  2:52  SCV  
  28  3:02  Command Center  
  28  3:12  Stimpack  
  28  3:13  Marine x2  
  30  3:23  Supply Depot  
  30  3:32  Orbital Command  
  30  3:43  Barracks Tech Lab x2  
  30  3:56  Factory  
  30  3:58  SCV  
  28  4:05  Marine  
Tags
 
Add a new tag
Caveats
  • Supply blocks, unpowered buildings, or Contaminate may cause inaccurate times.
  • Supply counts are checked every 10 seconds.